MLB
SAN DIEGO PADRES @ PHILADELPHIA PHILLIES
09/11/2030
 
TOP OF THE 1ST
San Diego Padres batting - Pitching for Philadelphia Phillies : RHP Francis Martes
Pitching: RHP Francis Martes
Batting: SHB Chad Back 0-0: Ball
1-0: SINGLE (Groundball, 4MS, EV 68.1 MPH) (infield hit)
Batting: RHB Latrell Phifer 0-0: Foul Ball, location: 2F
0-1: Foul Ball, location: 2F
0-2: Strikes out swinging
Batting: LHB Josh Wells 0-0: Ball
1-0: Foul Ball, location: 2LF
1-1: Fly out, F8 (Flyball, 8LXD, EV 91.3 MPH)
Batting: LHB Jimmy Palmer 0-0: Ball
Chad Back is caught stealing 2nd base 2-6
Top of the 1st over - 0 runs, 1 hit, 0 errors, 0 left on base; San Diego 0 - Philadelphia 0
BOTTOM OF THE 1ST
Philadelphia Phillies batting - Pitching for San Diego Padres : RHP Josh Hoglund
Pitching: RHP Josh Hoglund
Batting: LHB Jimmy Foist 0-0: Foul Ball, location: 2F
0-1: Foul Ball, location: 5SF
0-2: Foul Ball, location: 3F
0-2: Ball
1-2: Fly out, F7 (Line Drive, 7, EV 102.5 MPH)
Batting: RHB Austin Hays 0-0: SOLO HOME RUN (Flyball, 9D, EV 101.9 MPH), Distance : 391 ft
Batting: SHB Wander Franco 0-0: Ball
1-0: Ball
2-0: Ground out U3 (Groundball, 3, EV 84.4 MPH)
Batting: LHB Tommy Bruner 0-0: Ball
1-0: Ball
2-0: Swinging Strike
2-1: Foul Ball, location: 25FF
2-2: Ball
3-2: Strikes out swinging
Bottom of the 1st over - 1 run, 1 hit, 0 errors, 0 left on base; San Diego 0 - Philadelphia 1
TOP OF THE 2ND
San Diego Padres batting - Pitching for Philadelphia Phillies : RHP Francis Martes
Batting: LHB Jimmy Palmer 0-0: Swinging Strike
0-1: Foul Ball, location: 2F
0-2: Ball
1-2: Ball
2-2: Strikes out swinging
Batting: LHB Heston Kjerstad 0-0: Ball
1-0: Foul Ball, location: 23FF
1-1: Swinging Strike
1-2: Ball
2-2: Ball
3-2: Foul Ball, location: 2F
3-2: Strikes out swinging
Batting: LHB Geremia Calzolai 0-0: Swinging Strike
0-1: Ball
1-1: Ball
2-1: Called Strike
2-2: Foul Ball, location: 2F
2-2: Strikes out looking
Top of the 2nd over - 0 runs, 0 hits, 0 errors, 0 left on base; San Diego 0 - Philadelphia 1
BOTTOM OF THE 2ND
Philadelphia Phillies batting - Pitching for San Diego Padres : RHP Josh Hoglund
Batting: LHB Chris McKoon 0-0: Called Strike
0-1: Foul Ball, location: 2RF
0-2: Ball
1-2: Ball
2-2: Fly out, F8 (Line Drive, 8LD, EV 108.8 MPH)
Batting: RHB Cristian Pache 0-0: Ground out 6-3 (Groundball, 6, EV 84.4 MPH)
Batting: LHB Rickardo Perez 0-0: Swinging Strike
0-1: Foul Ball, location: 9LSF
0-2: Strikes out swinging
Bottom of the 2nd over - 0 runs, 0 hits, 0 errors, 0 left on base; San Diego 0 - Philadelphia 1
TOP OF THE 3RD
San Diego Padres batting - Pitching for Philadelphia Phillies : RHP Francis Martes
Batting: RHB Jorge Quiones 0-0: Foul Ball, location: 9LMF
0-1: Called Strike
0-2: Ball
1-2: Strikes out looking
Batting: LHB Josh Miller 0-0: Fly out, F8 (Flyball, 8RD, EV 92.5 MPH)
Batting: RHB Joe Ketola 0-0: Called Strike
0-1: Ball
1-1: Foul Ball, location: 2F
1-2: Strikes out swinging
Top of the 3rd over - 0 runs, 0 hits, 0 errors, 0 left on base; San Diego 0 - Philadelphia 1
BOTTOM OF THE 3RD
Philadelphia Phillies batting - Pitching for San Diego Padres : RHP Josh Hoglund
Batting: RHB Willy Adames 0-0: Ball
1-0: Ball
2-0: Swinging Strike
2-1: SINGLE (Groundball, 34D, EV 98.8 MPH)
Batting: RHB Daniel Vasquez 0-0: Called Strike
0-1: Ball
1-1: Ball
2-1: Foul Ball, location: 2F
2-2: Strikes out swinging
Batting: LHB Jimmy Foist 0-0: Ball
1-0: Foul Ball, location: 9LSF
1-1: SINGLE (Line Drive, 4MD, EV 96.3 MPH)
Willy Adames to second
Batting: RHB Austin Hays 0-0: Called Strike
0-1: Ground out 4-3 (Groundball, 4M, EV 102.5 MPH)
Willy Adames to third
Jimmy Foist to second
Batting: SHB Wander Franco 0-0: Ball
1-0: Called Strike
1-1: Called Strike
1-2: Strikes out looking
Bottom of the 3rd over - 0 runs, 2 hits, 0 errors, 2 left on base; San Diego 0 - Philadelphia 1
TOP OF THE 4TH
San Diego Padres batting - Pitching for Philadelphia Phillies : RHP Francis Martes
Batting: SHB Chad Back 0-0: Ball
1-0: Called Strike
1-1: Ball
2-1: Called Strike
2-2: SINGLE (Groundball, 34, EV 103.8 MPH) (infield hit)
Batting: RHB Latrell Phifer 0-0: Ball
1-0: Called Strike
1-1: Ball
2-1: Foul Ball, location: 9LSF
2-2: Grounds into double play, 6-4-3 (Groundball, 6, EV 80.6 MPH)
Batting: LHB Josh Wells 0-0: Swinging Strike
0-1: Ball
1-1: Ground out 4-3 (Groundball, 34, EV 103.8 MPH)
Top of the 4th over - 0 runs, 1 hit, 0 errors, 0 left on base; San Diego 0 - Philadelphia 1
BOTTOM OF THE 4TH
Philadelphia Phillies batting - Pitching for San Diego Padres : RHP Josh Hoglund
Batting: LHB Tommy Bruner 0-0: Called Strike
0-1: Ball
1-1: Swinging Strike
1-2: Ball
2-2: Strikes out swinging
Batting: LHB Chris McKoon 0-0: Fly out, F9 (Flyball, 9D, EV 97.5 MPH)
Batting: RHB Cristian Pache 0-0: Ball
1-0: Ball
2-0: Ball
3-0: Base on Balls
Batting: LHB Rickardo Perez 0-0: SINGLE (Groundball, 13, EV 95.6 MPH) (infield hit)
Cristian Pache to second
Batting: RHB Willy Adames 0-0: Called Strike
0-1: Ground out 5-3 (Groundball, 56S, EV 80.6 MPH)
Bottom of the 4th over - 0 runs, 1 hit, 0 errors, 2 left on base; San Diego 0 - Philadelphia 1
TOP OF THE 5TH
San Diego Padres batting - Pitching for Philadelphia Phillies : RHP Francis Martes
Batting: LHB Jimmy Palmer 0-0: Reached via error on a dropped throw from 2B, E3 (Groundball, 4, EV 90.6 MPH)
Batting: LHB Heston Kjerstad 0-0: Ball
1-0: Ball
2-0: Fly out, F8 (Flyball, 8RXD, EV 95.6 MPH)
Batting: LHB Geremia Calzolai 0-0: Ball
1-0: Grounds into double play, 4-6-3 (Groundball, 4, EV 85.6 MPH)
Top of the 5th over - 0 runs, 0 hits, 1 error, 0 left on base; San Diego 0 - Philadelphia 1
BOTTOM OF THE 5TH
Philadelphia Phillies batting - Pitching for San Diego Padres : RHP Josh Hoglund
Batting: RHB Daniel Vasquez 0-0: Ball
1-0: Foul Ball, location: 3FF
1-1: Swinging Strike
1-2: SINGLE (Line Drive, 78S, EV 93.8 MPH)
Batting: LHB Jimmy Foist 0-0: Ball
1-0: Ball
2-0: Foul Ball, location: 7LDF
2-1: Ball
3-1: Base on Balls
Daniel Vasquez to second
Batting: RHB Austin Hays 0-0: Foul Ball, location: 9LSF
0-1: Ball
Passed Ball!
Daniel Vasquez to third
Jimmy Foist to second
1-1: Called Strike
1-2: Fly out, F7 (Line Drive, 7D, EV 91.9 MPH)
Runner from 3rd tags up, SCORES, throw by LF
Jimmy Foist to third
Batting: SHB Wander Franco 0-0: Foul Ball, location: 25F
0-1: Ball
1-1: Ball
2-1: Foul Ball, location: 23F
2-2: DOUBLE (Flyball, 8RXD, EV 91.3 MPH)
Jimmy Foist scores
Batting: LHB Tommy Bruner 0-0: Ground out 4-3 (Groundball, 4MS, EV 66.3 MPH)
Wander Franco to third
Batting: LHB Chris McKoon 0-0: Foul Ball, location: 3F
0-1: Ball
1-1: Swinging Strike
1-2: Foul Ball, location: 23F
1-2: Foul Ball, location: 2F
1-2: Fly out, F5 (Popup, 56, EV 68.1 MPH)
Bottom of the 5th over - 2 runs, 2 hits, 0 errors, 1 left on base; San Diego 0 - Philadelphia 3
TOP OF THE 6TH
San Diego Padres batting - Pitching for Philadelphia Phillies : RHP Francis Martes
Batting: RHB Jorge Quiones 0-0: Ball
1-0: Called Strike
1-1: Foul Ball, location: 5F
1-2: Strikes out swinging
Batting: LHB Josh Miller 0-0: Ball
1-0: Ball
2-0: Swinging Strike
2-1: SINGLE (Groundball, 56D, EV 104.4 MPH)
Batting: RHB Joe Ketola 0-0: Foul Ball, location: 2RF
0-1: Ball
1-1: Swinging Strike
1-2: Strikes out swinging
Batting: SHB Chad Back 0-0: Foul Ball, location: 3F
0-1: Ball
1-1: Ball
2-1: Swinging Strike
2-2: Ball
3-2: Base on Balls
Josh Miller to second
Batting: RHB Latrell Phifer 0-0: Foul Ball, location: 5SF
0-1: Called Strike
0-2: Ground out 6-3 (Groundball, 6M, EV 85.0 MPH)
Top of the 6th over - 0 runs, 1 hit, 0 errors, 2 left on base; San Diego 0 - Philadelphia 3
BOTTOM OF THE 6TH
Philadelphia Phillies batting - Pitching for San Diego Padres : RHP Josh Hoglund
Pitching: RHP Bobby McCaw
Batting: RHB Cristian Pache 0-0: Fly out, F9 (Line Drive, 9, EV 95.0 MPH)
Batting: LHB Rickardo Perez 0-0: Ball
1-0: Called Strike
1-1: Foul Ball, location: 7LSF
1-2: Foul Ball, location: 5F
1-2: Strikes out looking
Batting: RHB Willy Adames 0-0: Ground out 4-3 (Groundball, 4S, EV 86.9 MPH)
Bottom of the 6th over - 0 runs, 0 hits, 0 errors, 0 left on base; San Diego 0 - Philadelphia 3
TOP OF THE 7TH
San Diego Padres batting - Pitching for Philadelphia Phillies : RHP Francis Martes
Pitching: LHP Jeff Davis
Batting: LHB Josh Wells 0-0: Ball
1-0: Swinging Strike
1-1: Ball
2-1: Foul Ball, location: 7LDF
2-2: Fly out, F8 (Flyball, 8RS, EV 83.8 MPH)
Batting: LHB Jimmy Palmer 0-0: Ball
1-0: Ball
2-0: Called Strike
2-1: Foul Ball, location: 7LSF
2-2: Ground out 5-3 (Groundball, 56S, EV 88.1 MPH)
Batting: LHB Heston Kjerstad 0-0: Fly out, F8 (Line Drive, 78M, EV 85.0 MPH)
Top of the 7th over - 0 runs, 0 hits, 0 errors, 0 left on base; San Diego 0 - Philadelphia 3
BOTTOM OF THE 7TH
Philadelphia Phillies batting - Pitching for San Diego Padres : RHP Bobby McCaw
Batting: RHB Daniel Vasquez 0-0: Ball
1-0: Swinging Strike
1-1: Foul Ball, location: 9LDF
1-2: Fly out, F9 (Flyball, 9LM, EV 80.6 MPH)
Batting: LHB Jimmy Foist 0-0: Ball
1-0: Foul Ball, location: 7LMF
1-1: Called Strike
1-2: Ball
2-2: Ball
3-2: Ground out 6-3 (Groundball, 6, EV 84.4 MPH)
Batting: RHB Austin Hays 0-0: Ball
1-0: Ball
2-0: Ground out 6-3 (Groundball, 6, EV 84.4 MPH)
Bottom of the 7th over - 0 runs, 0 hits, 0 errors, 0 left on base; San Diego 0 - Philadelphia 3
TOP OF THE 8TH
San Diego Padres batting - Pitching for Philadelphia Phillies : LHP Jeff Davis
Batting: LHB Geremia Calzolai 0-0: Ball
1-0: Ground out U3 (Groundball, 3L, EV 78.8 MPH)
Pitching: RHP Frander Veras
Batting: RHB Jorge Quiones 0-0: Ball
1-0: Foul Ball, location: 23FF
1-1: Called Strike
1-2: Ball
2-2: Foul Ball, location: 2F
2-2: Strikes out swinging
Batting: LHB Josh Miller 0-0: Ball
1-0: Foul Ball, location: 7LMF
1-1: Swinging Strike
1-2: Ball
2-2: Strikes out swinging
Top of the 8th over - 0 runs, 0 hits, 0 errors, 0 left on base; San Diego 0 - Philadelphia 3
BOTTOM OF THE 8TH
Philadelphia Phillies batting - Pitching for San Diego Padres : RHP Bobby McCaw
Batting: SHB Wander Franco 0-0: Foul Ball, location: 9LSF
0-1: Ball
1-1: Ball
2-1: SINGLE (Line Drive, 9S, EV 110.6 MPH)
Batting: LHB Tommy Bruner 0-0: Called Strike
0-1: Ball
1-1: Ball
2-1: Fly out, F9 (Flyball, 9LS, EV 83.1 MPH)
Pitching: LHP Bob Fazzolari
Batting: LHB Chris McKoon 0-0: Ball
1-0: Called Strike
1-1: Called Strike
1-2: Fielders Choice at 2nd, 3-6 (Groundball, 3, EV 79.4 MPH)
Batting: RHB Cristian Pache 0-0: Ball
1-0: Ball
2-0: Called Strike
2-1: Ball
3-1: Ground out 6-3 (Groundball, P, EV 84.4 MPH)
Bottom of the 8th over - 0 runs, 1 hit, 0 errors, 1 left on base; San Diego 0 - Philadelphia 3
TOP OF THE 9TH
San Diego Padres batting - Pitching for Philadelphia Phillies : RHP Frander Veras
Pitching: RHP J.B. Bukauskas
Batting: RHB Joe Ketola 0-0: Called Strike
0-1: Foul Ball, location: 2F
0-2: Ball
1-2: Ball
2-2: Ball
3-2: Foul Ball, location: 9LDF
3-2: Base on Balls
Batting: SHB Chad Back 0-0: SINGLE (Line Drive, 6MD, EV 94.4 MPH)
Joe Ketola to second
Batting: RHB Latrell Phifer 0-0: Ball
1-0: Called Strike
1-1: Grounds out, U3 (Groundball, 3L, EV 108.1 MPH)
Joe Ketola to third
Batting: LHB Josh Wells 0-0: Ball
1-0: Ball
2-0: Swinging Strike
2-1: Fielders Choice attempt at home, Runner SAFE. 6-2 (Groundball, 6MS, EV 70.0 MPH)
Chad Back to third
Batting: LHB Jimmy Palmer 0-0: Foul Ball, location: 2F
0-1: Ball
1-1: Foul Ball, location: 9LMF
1-2: Ball
2-2: Strikes out swinging
Batting: LHB Heston Kjerstad 0-0: Foul Ball, location: 23FF
0-1: Ground out 1-3 (Groundball, 34S, EV 66.3 MPH)
Top of the 9th over - 1 run, 1 hit, 0 errors, 2 left on base; San Diego 1 - Philadelphia 3
Friday, April 19th , 2024 - OOTP Baseball 24.7 Build 72